 Dungeon Crawl Stone Soup version 0.31-a0-175-g9f7f995f2b (webtiles) character file.

Game seed: 5503670663404444725

3 qw the Shooter (level 1, -2/12 HPs)
             Began as a Gargoyle Hunter on June 16, 2023.
             Slain by an endoplasm (3 damage)
             ... on level 1 of the Dungeon.
             The game lasted 00:00:02 (65 turns).

qw the Shooter (Gargoyle Hunter)                      Turns: 65, Time: 00:00:03

Health: -2/12      AC:  5    Str: 14    XL:     1   Next: 50%
Magic:  1/1        EV: 11    Int:  9    God:
Gold:   23         SH:  0    Dex: 13    Spells: 0/0 levels left

rFire   . . .        a - +0 shortbow
rCold   . . .        (shield currently unavailable)
rNeg    + . .        c - +0 leather armour
rPois   inf          (no helmet)
rElec   +            (no cloak)
rCorr   .            (no gloves)
SInv    .            (no boots)
Will    .....        (no amulet)
Stlth   +            (no ring)
HPRegen 0.22/turn    (no ring)
MPRegen 0.07/turn

%: no passive effects
@: no status effects
A: sickness immunity, AC +2, negative energy resistance 1, electricity
resistance, torment resistance 1, petrification resistance
a: no special abilities


You were on level 1 of the Dungeon.
You visited 1 branch of the dungeon, and saw 1 of its levels.

You collected 23 gold pieces.


Innate Abilities, Weirdness & Mutations

You are immune to sickness and miasma.
Your stone body is resilient. (AC +2)
You are immune to poison.
You resist negative energy. (rN+)
You are resistant to electric shocks. (rElec)
You are resistant to unholy torment.
You are immune to petrification.


   Skills:
 - Level 2.1 Fighting
 + Level 4.2 Ranged Weapons
 - Level 1.5 Dodging
 - Level 1.1 Stealth


You couldn't memorise any spells.
You didn't know any spells.
Your spell library was empty.

Inventory:

Hand Weapons
 a - a +0 shortbow (weapon)
Armour
 c - a +0 leather armour (worn)
 d - a +0 pair of boots
Scrolls
 b - a scroll of butterflies
 e - a scroll of enchant weapon {unknown}
 f - a scroll of noise {unknown}

Dungeon Overview and Level Annotations

Branches:
Dungeon (1/15)

Altars:


Message History

You shoot an arrow. The arrow misses the bat.
The bat barely misses you.
You shoot an arrow. The arrow closely misses the bat.
The bat barely misses you.
An endoplasm comes into view.
The bat hits you.
You shoot an arrow. The arrow closely misses the jackal.
The bat misses you. The jackal closely misses you. x2
You shoot an arrow. The arrow closely misses the jackal.
The jackal bites you but does no damage. x3
The endoplasm closely misses you. The jackal barely misses you.
You shoot an arrow. The arrow closely misses the jackal.
The jackal misses you. x2
The endoplasm freezes you.
You are frozen.
The jackal stops to sniff the ground.
The jackal misses you.
The jackal bites you but does no damage.
You shoot an arrow. The arrow barely misses the jackal.
The jackal bites you. The endoplasm freezes you.
You are frozen.
The jackal bites you. The endoplasm closely misses you. The jackal bites you.
You shoot an arrow. The arrow completely misses the jackal.
The jackal bites you. The jackal barely misses you.
The jackal completely misses you.
The endoplasm hits you but does no damage.
You shoot an arrow. The arrow misses the jackal.
The jackal barely misses you. x2; The endoplasm barely misses you.
The jackal barely misses you. The jackal closely misses you.
You shoot an arrow. The arrow closely misses the jackal.
The jackal closely misses you. The jackal barely misses you.
The endoplasm barely misses you.
The jackal bites you but does no damage. x2
You shoot an arrow. The arrow hits the jackal!
You kill the jackal!
The endoplasm hits you.
The jackal bites you but does no damage.
The endoplasm hits you.
You die...

###.~.~.. #.......
#)..... #.....
####.... ....b.
#Jh#### .#
####@...######...#
.....................
###..######..####...#
##. ##..PPPPP.# .
##.P$$$P##
.##.#####.P$$$P##
..........P$$$P..
7.777##...PPPPP.. 7}7
#..........


You could see an endoplasm, a jackal and a bat.

Vanquished Creatures
  A hobgoblin (D:1)
  A jackal (D:1)
  A quokka (D:1)
  A kobold (D:1)
4 creatures vanquished.

Notes
Turn   | Place    | Note
-------+----------+-------------------------------------------
     0 | D:1      | qw the Gargoyle Hunter began the quest for the Orb.
     0 | D:1      | Reached XP level 1. HP: 12/12 MP: 1/1
     0 | D:1      | 0 ||| qw: Version: 0.2-a-29-g511e9b1
     0 | D:1      | 0 ||| qw: Game counter: 6
     0 | D:1      | 0 ||| qw: Always use a shield: true
     0 | D:1      | 0 ||| qw: God list: Okawaru
     0 | D:1      | 0 ||| qw: Allow faded altars: false
     0 | D:1      | 0 ||| qw: Do Orc after D:15 true
     0 | D:1      | 0 ||| qw: Do second Lair branch before Depths: true
     0 | D:1      | 0 ||| qw: Lair rune preference: random
     0 | D:1      | 0 ||| qw: Plans: Normal, Zot:1-4, Slime:5, God:TSO, Crypt,
                  | Tomb, Abyss, Pan, Hells, Win
     0 | D:1      | 0 ||| PLANNING D:1-11
    61 | D:1      | HP: 2/12 [jackal (2)]
    65 | D:1      | Slain by an endoplasm

Levels and vault maps discovered:
D:1:      scummos_arrival_forest, layout_basic, minmay_gold_behind_fungi,
          minmay_misc_feat_alley, minmay_misc_feat_five,
          chequers_serial_rivers_micro_c, moated_statue, minmay_tromino_v4_a

Action                     || total
---------------------------++-------
   Fire: Shortbow          ||    20
 Armour: Leather armour    ||     9
  Dodge: Dodged            ||    25

Table legend:
 A = Non-vault XP
 B = Vault XP
 C = Vault XP percentage of total XP
 D = Non-vault monster count
 E = Vault monster count
 F = Vault count percentage of total count
                 A         B        C        D         E       F
            +---------+---------+-------+---------+---------+-------
      Total |       7 |       0 |   0.0 |       4 |       0 |   0.0
            +---------+---------+-------+---------+---------+-------
        D:1 |       7 |       0 |   0.0 |       4 |       0 |   0.0
            +---------+---------+-------+---------+---------+-------
